Map: Frozen Temple

Players

Alchemist - Winner!

  • Race: Zerg Zerg
  • League: Diamond

Kitten

  • Race: Protoss Protoss
  • League: Diamond

VOD

Have the link to the VOD?

Description

Time

  • Played on: May 19, 2016, 8:44 p.m.
  • Length: 59:49
Show
View Real Time Build Order
Export as new Build Order

Alchemist Zerg - Winner!

Build Orders: Hatch First 

Get SALT Encoding   

  12  0:01  Drone  
  13  0:08  Drone  
  14  0:19  Overlord  
  14  0:28  Extractor  
  14  0:29  Drone  
  15  0:37  Drone x2  
  17  0:48  Drone  
  18  1:01  Hatchery  
  17  1:07  Drone x2  
  17  1:08  Extractor  
  18  1:20  Spawning Pool  
  18  1:21  Drone  
  18  1:39  Drone x2  
  20  1:50  Drone  
  21  2:16  Zergling x6  
  21  2:18  Metabolic Boost  
  24  2:23  Hatchery  
  24  2:27  Queen  
  25  2:30  Queen  
  27  2:50  Evolution Chamber  
  26  2:52  Drone x2  
  26  2:54  Overlord x2  
  28  3:14  Drone x4  
  32  3:20  Zerg Melee Weapons Level 1  
  36  3:34  Drone x4  
  36  3:35  Lair  
  36  3:43  Queen  
  38  4:02  Drone x9  
  47  4:11  Overlord x2  
  47  4:23  Drone x2  
  49  4:30  Zergling x12  
  55  4:41  Overseer  
  55  5:19  Extractor  
  55  5:20  Spire  
  55  5:21  Extractor  
  52  5:22  Extractor  
  52  5:23  Extractor, Drone x11  
  52  5:25  Extractor  
  54  6:00  Zergling x2  
  54  6:01  Zergling x24  
  48  6:16  Spine Crawler  
  47  6:18  Spine Crawler  
  41  6:27  Zergling x2  
  41  6:28  Zergling x20  
  49  6:41  Drone x3  
  49  6:42  Drone x3  
  49  6:44  Queen, Drone x2  
  49  6:45  Queen  
  48  7:43  Mutalisk  
  48  7:44  Mutalisk x6  
  46  7:47  Overlord x3  
  57  7:53  Zerg Flyer Weapons Level 1  
  57  8:09  Mutalisk x5  
  67  8:16  Hatchery  
  58  8:28  Mutalisk  
  58  8:29  Mutalisk  
  58  8:32  Zergling x2  
  58  8:33  Zergling x18  
  29  9:14  Drone x7  
  29  9:15  Drone x7  
  43  9:31  Drone x2  
  43  9:32  Drone  
  46  9:59  Mutalisk  
  46  10:00  Mutalisk x3  
  54  10:23  Drone x9  
  63  10:37  Drone x4  
  63  11:21  Mutalisk  
  63  11:22  Mutalisk x3  
  71  11:31  Zergling x6  
  71  11:32  Zergling x12  
  68  12:13  Hatchery  
  58  13:00  Hatchery  
  52  13:22  Spine Crawler  
  52  13:23  Spine Crawler x3  
  52  13:24  Spine Crawler  
  52  13:25  Spine Crawler x2  
  52  13:26  Spine Crawler  
  38  13:29  Spine Crawler  
  36  13:39  Zergling x4  
  36  13:44  Zergling x2  
  36  13:45  Zergling x10  
  36  13:46  Zergling x2  
  42  14:28  Drone  
  43  15:32  Extractor  
  40  17:27  Drone  
  37  18:03  Drone  
  38  18:16  Drone  
  39  18:43  Overseer  
  39  19:03  Drone x2  
  39  19:09  Drone  
  36  20:08  Drone x6  
  42  20:27  Drone x2  
  44  20:33  Drone x2  
  46  20:53  Mutalisk x3  
  46  20:55  Mutalisk  
  54  21:06  Zerg Flyer Armor Level 1  
  54  21:21  Mutalisk  
  56  21:36  Drone x3  
  56  21:39  Extractor  
  56  22:06  Mutalisk  
  56  22:07  Mutalisk  
  58  22:35  Mutalisk  
  60  22:41  Overlord x3  
  60  22:59  Mutalisk  
  60  23:00  Mutalisk  
  64  23:08  Drone x4  
  64  23:09  Extractor  
  65  23:30  Mutalisk  
  65  23:31  Mutalisk  
  69  23:53  Overlord  
  69  23:54  Overlord x2  
  69  23:56  Overseer x2  
  69  23:58  Spine Crawler  
  69  24:00  Spine Crawler  
  67  24:11  Mutalisk x2  
  47  25:09  Mutalisk  
  47  25:10  Mutalisk x2  
  51  25:53  Mutalisk x3  
  52  26:28  Mutalisk  
  43  27:16  Hatchery  
  32  29:23  Hatchery  
  31  29:26  Overlord x2  
  31  29:44  Lair  
  31  30:14  Drone x3  
  34  30:32  Drone  
  35  30:39  Drone x2  
  37  30:52  Drone x2  
  39  30:57  Drone  
  39  30:58  Drone  
  41  31:16  Drone x2  
  43  31:20  Extractor  
  42  31:26  Drone x2  
  44  31:43  Spawning Pool  
  44  31:46  Drone x4  
  47  32:11  Drone x4  
  51  32:25  Hatchery  
  48  32:49  Drone x4  
  52  32:51  Extractor  
  52  32:52  Overlord x2, Extractor  
  52  32:54  Queen  
  52  33:10  Queen  
  54  33:17  Mutalisk x4  
  62  33:24  Infestation Pit, Drone x2  
  63  33:33  Drone x2  
  65  33:44  Drone x3  
  66  34:21  Mutalisk  
  66  34:22  Mutalisk x3  
  74  34:26  Overlord x2  
  74  34:27  Overlord x4  
  74  34:34  Pathogen Glands  
  74  34:45  Infestor  
  76  35:03  Infestor x3  
  82  35:11  Drone x2  
  82  35:13  Extractor, Drone x6  
  82  35:14  Drone x4  
  93  35:26  Burrow  
  93  35:30  Drone x5  
  98  35:38  Extractor  
  97  35:50  Neural Parasite  
  97  35:52  Infestor x2  
  101  36:22  Infestor x2  
  105  36:34  Drone x14  
  105  36:35  Queen  
  115  37:31  Infestor x3  
  121  38:10  Hatchery  
  120  38:53  Spine Crawler x3  
  120  38:55  Spine Crawler x3  
  116  38:59  Drone x2, Spine Crawler x2  
  116  39:00  Drone x7, Spine Crawler x2  
  116  39:02  Spine Crawler  
  118  39:16  Mutalisk  
  118  39:20  Overlord  
  118  39:21  Overlord x4  
  112  39:49  Spire  
  111  39:56  Overlord x5  
  109  40:35  Spine Crawler x2  
  107  40:36  Spine Crawler  
  107  40:37  Spine Crawler  
  105  41:03  Mutalisk x6  
  105  41:04  Mutalisk x21  
  114  42:06  Hatchery  
  109  42:11  Hatchery  
  91  43:15  Hatchery  
  90  43:22  Hatchery x2  
  88  43:36  Hatchery  
  79  45:22  Drone x6  
  79  45:23  Drone x3  
  82  46:33  Drone x3  
  82  46:36  Hatchery  
  46  47:20  Spawning Pool  
  45  47:50  Drone  
  45  47:51  Drone x2  
  46  48:06  Infestor x3  
  46  48:12  Drone x2  
  46  48:13  Lair  
  46  48:47  Infestor  
  46  48:48  Infestor x2  
  21  50:15  Hatchery  
  20  50:39  Hatchery  
  16  51:29  Drone  
  17  51:47  Drone  
  18  51:57  Drone x3  
  21  52:03  Spawning Pool  
  21  52:06  Hatchery  
  19  52:31  Hatchery  
  19  52:44  Hatchery  
  18  52:53  Lair  
  18  52:56  Drone x3  
  22  53:42  Drone x3  
  24  53:57  Infestation Pit  
  22  54:21  Hatchery, Queen  
  22  54:35  Infestor x2  
  22  54:36  Infestor  
  28  54:42  Infestor  
  28  54:43  Infestor x2  
  34  54:58  Infestor x2  
  38  55:17  Infestor x6  
  38  55:26  Drone x2  
  40  55:42  Infestor x3  
  42  56:12  Extractor  
  41  56:37  Zergling x6  
  40  57:36  Hatchery  
  35  58:17  Zergling x2  
  35  58:18  Zergling x16  
Show
View Real Time Build Order
Export as new Build Order

Kitten Protoss 

Build Orders: 1 Gate Expand 

Get SALT Encoding   

  12  0:01  Probe (Chrono Boost)  
  13  0:12  Probe (Chrono Boost)  
  14  0:20  Pylon  
  14  0:23  Probe (Chrono Boost)  
  15  0:38  Probe (Chrono Boost)  
  16  0:47  Gateway  
  16  0:50  Probe (Chrono Boost)  
  16  0:53  Assimilator  
  17  1:03  Probe (Chrono Boost)  
  18  1:15  Probe (Chrono Boost)  
  19  1:29  Nexus  
  19  1:37  Cybernetics Core  
  19  1:41  Probe (Chrono Boost)  
  19  1:45  Assimilator  
  20  1:51  Probe (Chrono Boost)  
  21  2:00  Pylon  
  21  2:03  Probe (Chrono Boost)  
  21  2:07  Pylon  
  22  2:18  Adept (Chrono Boost), Warp Gate  
  24  2:27  Probe  
  25  2:39  Mothership Core (Chrono Boost)  
  27  2:50  Adept  
  29  2:52  Probe (Chrono Boost)  
  29  2:58  Probe (Chrono Boost)  
  31  3:01  Twilight Council  
  31  3:03  Probe (Chrono Boost)  
  32  3:09  Probe (Chrono Boost)  
  33  3:16  Robotics Facility  
  33  3:18  Probe (Chrono Boost)  
  33  3:19  Probe (Chrono Boost)  
  35  3:22  Adept  
  37  3:33  Probe (Chrono Boost)  
  39  3:34  Probe (Chrono Boost)  
  39  3:39  Resonating Glaives (Chrono Boost)  
  39  3:46  Probe  
  39  3:47  Probe  
  41  3:51  Assimilator  
  41  3:52  Stalker  
  43  4:01  Pylon  
  43  4:03  Warp Prism  
  43  4:09  Gateway  
  45  4:15  Gateway  
  45  4:17  Probe  
  45  4:18  Probe  
  47  4:25  Gateway  
  47  4:36  Gateway  
  47  4:59  Observer  
  48  5:14  Pylon  
  48  5:15  Pylon  
  48  5:25  Adept x3  
  54  5:36  Adept x2  
  58  5:51  Adept x2  
  58  5:52  Adept  
  56  6:27  Adept x2  
  56  6:28  Adept x2  
  54  6:40  Adept  
  56  6:49  Nexus  
  56  6:50  Pylon  
  56  6:52  Pylon  
  56  7:04  Probe  
  56  7:05  Probe  
  58  7:10  Adept x5  
  58  7:15  Probe  
  68  7:18  Probe  
  68  7:32  Adept x5  
  72  7:44  Probe  
  72  7:45  Probe  
  74  7:54  Probe  
  74  7:57  Probe  
  74  7:58  Assimilator  
  76  7:59  Probe  
  76  8:02  Gateway  
  76  8:03  Gateway  
  77  8:06  Forge  
  77  8:10  Probe  
  77  8:11  Stalker x5  
  88  8:20  Probe  
  85  8:31  Probe  
  80  8:37  Stalker x5  
  88  8:41  Probe  
  88  8:42  Photon Cannon  
  88  8:46  Photon Cannon  
  88  8:47  Blink (Chrono Boost)  
  83  8:48  Photon Cannon  
  83  8:50  Photon Cannon  
  83  8:54  Photon Cannon  
  83  8:57  Pylon  
  83  8:58  Protoss Ground Weapons Level 1 (Chrono Boost)  
  83  9:00  Photon Cannon  
  65  9:11  Stalker x5  
  69  9:18  Probe  
  69  9:19  Probe x2  
  66  9:25  Pylon  
  66  9:30  Stalker  
  66  9:31  Stalker  
  70  9:41  Assimilator  
  70  9:43  Assimilator, Probe  
  70  9:44  Probe  
  70  9:45  Probe  
  73  9:48  Stalker  
  73  9:49  Stalker  
  76  9:57  Stalker x2  
  80  10:00  Stalker  
  73  10:18  Photon Cannon  
  73  10:20  Photon Cannon  
  70  10:29  Probe  
  70  10:30  Probe x2  
  73  10:39  Probe  
  73  10:42  Probe x2  
  76  10:43  Stalker, Templar Archives  
  76  10:44  Stalker  
  80  10:50  Probe  
  80  10:54  Probe x2  
  79  11:01  Stalker x2  
  79  11:02  Stalker  
  73  11:21  Stalker x2  
  73  11:22  Stalker x2  
  81  11:28  Photon Cannon  
  81  11:29  Probe  
  81  11:31  Probe x2  
  84  11:40  Probe  
  84  11:43  Stalker x3, Probe x2  
  74  12:18  Stalker x2  
  74  12:20  Stalker  
  73  12:29  Nexus  
  46  14:28  Pylon  
  46  14:31  Pylon  
  46  14:55  Pylon  
  46  14:59  Pylon  
  46  15:18  Probe  
  47  15:40  Pylon  
  47  16:02  Probe  
  48  16:26  Probe  
  47  16:45  Probe  
  48  17:01  Probe  
  45  17:24  Probe  
  46  17:38  Probe  
  47  17:56  Probe  
  48  18:01  Gateway  
  48  18:07  Probe  
  49  18:21  Forge  
  49  18:23  Probe  
  50  18:40  Probe  
  51  18:51  Probe  
  52  19:02  Probe, Photon Cannon  
  53  19:12  Probe  
  50  19:31  Probe  
  47  19:41  Photon Cannon  
  47  19:52  Probe  
  47  20:17  Photon Cannon  
  46  20:22  Probe, Photon Cannon  
  46  20:28  Photon Cannon  
  47  20:32  Assimilator, Cybernetics Core  
  47  20:33  Probe  
  47  20:34  Assimilator  
  48  20:37  Pylon  
  48  20:52  Gateway  
  48  20:55  Gateway  
  48  20:57  Probe  
  49  21:09  Photon Cannon  
  48  21:13  Probe  
  49  21:27  Stalker  
  49  21:28  Probe  
  50  21:50  Photon Cannon  
  50  21:51  Mothership Core  
  50  21:53  Pylon  
  52  21:57  Sentry  
  52  21:58  Sentry  
  56  22:10  Stalker  
  56  22:36  Adept x3  
  62  22:51  Probe  
  63  23:01  Probe  
  64  23:07  Photon Cannon  
  64  23:08  Photon Cannon  
  62  23:37  Stalker  
  62  23:38  Stalker x2  
  68  24:02  Stalker  
  70  24:03  Pylon  
  65  25:15  Pylon  
  65  25:18  Pylon  
  65  25:27  Pylon  
  65  25:31  Nexus  
  65  25:32  Pylon  
  65  25:34  Twilight Council, Pylon  
  65  25:36  Photon Cannon  
  64  25:54  Stalker  
  64  25:55  Stalker x2  
  64  27:30  Pylon  
  64  27:31  Pylon  
  62  28:00  Templar Archives  
  62  28:11  Cybernetics Core  
  62  28:19  Probe, Nexus  
  62  28:21  Protoss Ground Weapons Level 2 (Chrono Boost)  
  62  28:25  Assimilator, Photon Cannon x2  
  63  28:29  Photon Cannon  
  63  28:33  Pylon  
  63  28:40  Nexus  
  63  28:46  Photon Cannon  
  63  28:51  Photon Cannon x2  
  63  29:01  Stalker x3  
  67  29:24  Pylon  
  67  29:26  Stalker x2  
  67  29:31  Pylon  
  71  29:45  Photon Cannon  
  71  29:58  Stalker  
  71  29:59  Stalker  
  73  30:25  Templar Archives  
  71  30:40  Probe  
  72  30:45  Assimilator  
  72  30:47  Assimilator  
  72  30:50  Probe  
  72  30:54  Gateway  
  73  31:08  Probe  
  73  31:11  High Templar  
  73  31:12  High Templar  
  73  31:14  High Templar  
  79  31:29  Archon  
  79  31:34  Probe x2  
  81  31:45  High Templar, Probe x2  
  85  31:47  Stalker  
  85  31:49  Stalker  
  89  31:57  Archon  
  89  32:08  High Templar  
  89  32:11  High Templar  
  93  32:18  High Templar  
  93  32:19  Archon  
  95  32:49  High Templar  
  95  32:50  High Templar  
  99  32:58  High Templar  
  101  32:59  Archon  
  101  33:02  Archon  
  101  33:19  Probe  
  101  33:20  Photon Cannon  
  101  33:24  Protoss Ground Weapons Level 3 (Chrono Boost), Pylon  
  102  33:32  Pylon  
  102  34:06  Nexus  
  102  34:09  Pylon  
  102  34:10  Sentry x3  
  101  34:34  Stalker x3  
  101  34:37  Nexus  
  107  34:39  Pylon  
  107  34:55  Robotics Facility  
  107  34:58  Stalker x3  
  113  35:32  High Templar  
  113  35:34  High Templar  
  117  35:38  Archon  
  117  35:39  Protoss Ground Armor Level 1 (Chrono Boost)  
  117  35:48  Observer (Chrono Boost)  
  118  36:01  Probe (Chrono Boost)  
  118  36:02  Probe x2 (Chrono Boost)  
  121  36:12  Probe (Chrono Boost)  
  121  36:13  Probe x2 (Chrono Boost)  
  124  36:29  Photon Cannon  
  124  36:32  Photon Cannon  
  124  36:34  Pylon  
  122  37:20  Stalker x3  
  127  37:48  Gateway  
  127  37:49  Gateway  
  127  37:51  Gateway  
  127  37:52  Gateway  
  127  37:55  Stalker x3  
  127  37:56  Pylon  
  127  37:57  Pylon  
  133  38:01  Photon Cannon  
  131  38:05  Photon Cannon  
  131  38:07  Photon Cannon  
  131  38:10  Pylon  
  118  38:37  Nexus  
  118  38:40  Immortal  
  122  38:41  Stalker  
  122  38:42  Stalker x2  
  128  39:07  Mothership Core (Chrono Boost)  
  130  39:22  Stalker x3  
  133  39:55  Photon Cannon  
  133  39:57  Photon Cannon  
  133  39:58  Photon Cannon  
  133  40:02  Pylon  
  133  40:03  High Templar  
  133  40:04  Pylon  
  131  40:20  Probe x2 (Chrono Boost)  
  132  40:30  High Templar x2  
  132  40:31  Probe x2 (Chrono Boost)  
  132  40:34  Photon Cannon  
  138  40:37  Archon  
  138  40:41  Probe x2 (Chrono Boost)  
  140  40:47  Photon Cannon  
  140  40:52  Photon Cannon  
  133  41:51  Nexus  
  98  42:43  Pylon x2  
  98  43:09  Nexus  
Tags
 
Add a new tag
Caveats
  • Supply blocks, unpowered buildings, or Contaminate may cause inaccurate times.
  • Supply counts are checked every 10 seconds.